 Dungeon Crawl Stone Soup version 0.19.3-4-gbf9329e (webtiles) character file.

2051 Blunderbuss the Protected (level 9, -1/79 HPs)
             Began as a Minotaur Berserker on Jan 27, 2017.
             Was an Elder of Trog.
             Succumbed to letownia's ghost's poison
             ... on level 6 of the Dungeon.
             The game lasted 00:21:28 (5221 turns).

Blunderbuss the Protected (Minotaur Berserker)      Turns: 5221, Time: 00:21:29

Health: -1/79      AC: 13    Str: 24    XL:     9   Next: 4%
Magic:  8/8        EV:  8    Int:  4    God:    Trog [****..]
Gold:   254        SH:  3    Dex: 11    Spells: 0 memorised, 8 levels left

rFire  . . .     SeeInvis .     a - -2 executioner's axe
rCold  . . .     Gourm    .     q - +0 plate armour
rNeg   + . .     Faith    .     (shield currently unavailable)
rPois  .         Spirit   .     (helmet restricted)
rElec  .         Reflect  +     (no cloak)
rCorr  .         Harm     .     (no gloves)
MR     .....                    (no boots)
Stlth  ..........               e - +3 amulet of reflection
                                (no ring)
                                t - ring of positive energy

@: lethally poisoned (-1 -> -63), exhausted, slowed, very slow
A: retaliatory headbutt, horns 2
a: Berserk, Trog's Hand, Brothers in Arms, Burn Spellbooks, Renounce Religion


You were on level 6 of the Dungeon.
You worshipped Trog.
Trog was greatly pleased with you.
You were not hungry.

You visited 1 branch of the dungeon, and saw 6 of its levels.

You collected 254 gold pieces.

Inventory:

Hand Weapons
 a - a -2 executioner's axe (weapon)
 g - a +0 halberd
Armour
 q - a +0 plate armour (worn)
Jewellery
 e - a +3 amulet of reflection (around neck)
 t - a ring of positive energy (left hand)
Scrolls
 f - 2 scrolls of identify
 h - 4 scrolls of remove curse
Potions
 d - a potion of magic {unknown}
 i - a potion of brilliance {unknown}
 n - 3 potions of heal wounds
Comestibles
 b - a beef jerky
 c - a bread ration
 m - 2 meat rations


   Skills:
 + Level 7.1 Fighting
 + Level 7.2(8.4) Axes
   Level 6.2(7.8) Maces & Flails
 + Level 1.9(4.9) Polearms
 + Level 8.0 Armour
 + Level 3.8 Dodging
 + Level 1.6 Stealth


You had 8 spell levels left.
You didn't know any spells.

Dungeon Overview and Level Annotations

Branches:
Dungeon (6/15)             Temple (0/1) D:5

Altars:
Ashenzari
Hepliaklqana
Makhleb
Uskayaw

Shops:
D:4 (=}%


Innate Abilities, Weirdness & Mutations

You reflexively headbutt those who attack you in melee.
You have a pair of horns on your head.


Message History

Your experience leads to an increase in your attributes!
Your base attributes are Str 23, Int 4, Dex 11.
Increase (S)trength, (I)ntelligence, or (D)exterity?
You feel stronger.
* * * LOW HITPOINT WARNING * * *
You feel extremely sick.
* * * LOW HITPOINT WARNING * * *
You feel very sick.
Things that are here:
a giant spiked club; an ogre corpse; a leopard gecko corpse You feel a strong urge to attack something.
* * * LOW HITPOINT WARNING * * *
You feel very sick.
You see here a bullfrog corpse.
* * * LOW HITPOINT WARNING * * *
You feel very sick.
You feel your anger subside.
You are no longer berserk.
You are exhausted.
You feel yourself slow down.
You die...

#####.... #........
#....#.#
##......####...
...............
##.##.#)#....##
#.####†#....#
#......#....#
#.###.@#....#
#..#....# #..#....#
#.......# #####
##.##+########
#...#.
######.##.........
(...#.#
##.................
....#.#
#..####............
..###.# #..#
#............


There were no monsters in sight!

Vanquished Creatures
  The ghost of letownia the Magician, a novice OpWz of Gozag (D:6)
  A sky beast (D:6)
  2 ice beasts
  2 ogres
  A phantom (D:5)
  3 centaurs (D:6)
  Blork the orc (D:5)
  A bullfrog (D:6)
  5 scorpions
  A howler monkey (D:4)
  2 crimson imps
  2 orc priests
  4 worker ants (D:4)
  5 orc wizards
  10 adders
  6 gnolls (D:5)
  2 howler monkey skeletons
  An adder skeleton (D:4)
  3 worms
  2 dart slugs (D:1)
  3 leopard geckos
  13 orcs
  3 ball pythons (D:1)
  8 bats
  2 giant cockroaches
  12 goblins
  10 hobgoblins
  2 jackals (D:2)
  5 quokkas
  4 frilled lizards
  A jackal skeleton (D:5)
  4 kobolds
  A leopard gecko skeleton (D:5)
  8 rats
131 creatures vanquished.

Vanquished Creatures (others)
  14 fungi (D:5)
14 creatures vanquished.

Grand Total: 145 creatures vanquished

Notes
Turn   | Place    | Note
-------+----------+-------------------------------------------
     0 | D:1      | Blunderbuss the Minotaur Berserker began the quest for the Orb.
     0 | D:1      | Reached XP level 1. HP: 19/19 MP: 0/0
   142 | D:1      | Reached XP level 2. HP: 19/27 MP: 1/1
   519 | D:2      | Reached XP level 3. HP: 33/33 MP: 2/2
   530 | D:2      | Reached ** piety under Trog
  1080 | D:3      | Reached XP level 4. HP: 27/41 MP: 3/3
  1148 | D:3      | Reached skill level 5 in Maces & Flails
  1148 | D:3      | Reached skill level 1 in Stealth
  1308 | D:3      | Reached skill level 3 in Armour
  1308 | D:3      | Reached XP level 5. HP: 47/47 MP: 4/4
  1914 | D:4      | Noticed an ice beast
  1916 | D:4      | Found a shattered altar of Ashenzari.
  1943 | D:4      | Killed an ice beast
  1943 | D:4      | Reached XP level 6. HP: 34/55 MP: 5/5
  1946 | D:4      | Found a hide-covered altar of Uskayaw.
  1948 | D:4      | Found a hazy altar of Hepliaklqana.
  1998 | D:4      | Reached *** piety under Trog
  2001 | D:4      | Reached skill level 5 in Fighting
  2492 | D:4      | Reached skill level 4 in Armour
  2517 | D:4      | Found Piadu's Jewellery Shop.
  2903 | D:4      | Found Deotoh's Food Shop.
  2938 | D:4      | Found Zuasch's Gadget Shoppe.
  2964 | D:4      | Reached skill level 1 in Axes
  3039 | D:4      | Reached skill level 5 in Armour
  3039 | D:4      | Reached XP level 7. HP: 61/61 MP: 6/6
  3206 | D:4      | Found Erexkuokh's Weapon Shop.
  3405 | D:5      | Entered Level 5 of the Dungeon
  3456 | D:5      | Reached skill level 6 in Armour
  3970 | D:5      | Noticed Blork the orc
  3976 | D:5      | Killed Blork the orc
  4190 | D:5      | Found a staircase to the Ecumenical Temple.
  4257 | D:5      | Reached XP level 8. HP: 30/70 MP: 7/7
  4273 | D:5      | Reached skill level 7 in Armour
  4281 | D:5      | Reached **** piety under Trog
  4632 | D:5      | Found a burning altar of Makhleb.
  5092 | D:6      | Reached skill level 5 in Axes
  5149 | D:6      | Reached skill level 1 in Polearms
  5197 | D:6      | Noticed letownia's ghost (novice OpWz)
  5217 | D:6      | Killed letownia's ghost
  5217 | D:6      | Reached skill level 8 in Armour
  5217 | D:6      | Reached XP level 9. HP: 19/79 MP: 8/8
  5220 | D:6      | HP: 3/118 [poisoned by letownia's ghost]
  5221 | D:6      | Succumbed to letownia's ghost's poison

Skill      XL: |  1  2  3  4  5  6  7  8 |
---------------+-------------------------+-----
Maces & Flails | 4 5 6 |  6.2
Fighting       | 4 5 6 7 |  7.1
Stealth        | 1 |  1.6
Armour         | 3 5 6 8 |  8.0
Dodging        | 3 |  3.8
Axes           | 1 4 7 |  7.2
Polearms       | 1 |  1.9

Action                   |  1- 3 |  4- 6 |  7- 9 || total
-------------------------+-------+-------+-------++-------
Melee: Mace              |    88 |   141 |       ||   229
       Headbutt          |    13 |    16 |    22 ||    51
       Hand axe          |       |    49 |   122 ||   171
       Executioner's axe |       |       |    47 ||    47
       Halberd           |       |       |    19 ||    19
Invok: Berserk           |       |     1 |     3 ||     4
  Use: Scroll            |     1 |     6 |     2 ||     9
       Potion            |       |     7 |       ||     7
 Stab: Sleeping          |     2 |       |       ||     2
  Eat: Fruit             |     5 |       |       ||     5
       Beef jerky        |     2 |       |       ||     2
       Royal jelly       |     1 |       |       ||     1
       Bread ration      |       |     1 |     2 ||     3
Armor: Animal skin       |    10 |       |       ||    10
       Plate armour      |    15 |   126 |   131 ||   272
Dodge: Dodged            |    55 |    62 |    60 ||   177
Block: Other             |       |       |     9 ||     9
